Map: New Gettysburg LE

Players

Major (SpeCial) - Winner!

  • Race: Terran Terran
  • League: Master
  • Spawn Location: 5:00

Darkness

  • Race: Protoss Protoss
  • Spawn Location: 7:00

Event: Copa América 2016 Grand Finals

VOD

Have the link to the VOD?

Description

Time

  • Played on: Oct. 13, 2016, 1:57 p.m.
  • Length: 9:46

All games in this series

Show
View Real Time Build Order
Export as new Build Order

Major Terran - Winner!

Build Orders: MMM Bio 

Get SALT Encoding   

  12  0:01  SCV  
  13  0:13  SCV  
  14  0:17  Supply Depot  
  14  0:25  SCV  
  15  0:29  Refinery  
  15  0:39  SCV  
  16  0:45  Barracks  
  16  0:51  SCV  
  17  1:03  SCV  
  18  1:15  SCV  
  20  1:34  Marine, Orbital Command  
  20  1:35  Factory  
  20  1:38  Supply Depot  
  20  1:55  Barracks Reactor  
  20  1:59  SCV  
  21  2:11  SCV  
  22  2:18  Command Center  
  22  2:23  Hellion  
  22  2:24  SCV  
  25  2:34  Starport  
  25  2:37  Marine  
  25  2:39  Marine  
  27  2:45  Supply Depot  
  27  2:50  Widow Mine  
  29  2:54  Marine  
  29  2:57  Marine  
  31  3:02  Refinery  
  31  3:07  SCV  
  31  3:12  Marine  
  33  3:14  Medivac, Marine  
  33  3:19  SCV  
  37  3:30  Marine  
  37  3:31  SCV  
  37  3:32  Marine, Orbital Command  
  40  3:36  Widow Mine  
  42  3:44  SCV  
  42  3:48  Marine  
  44  3:50  Medivac, Marine  
  47  3:56  SCV  
  47  3:59  SCV  
  49  4:06  Marine  
  49  4:08  Marine, Supply Depot, SCV  
  52  4:15  SCV  
  53  4:20  SCV  
  53  4:23  Factory Tech Lab  
  54  4:27  Barracks  
  54  4:29  Marine x2, SCV  
  57  4:32  SCV  
  57  4:37  Supply Depot  
  56  4:42  Bunker  
  56  4:43  Siege Tank  
  59  4:47  Marine x2  
  59  4:51  SCV  
  62  4:58  Viking, SCV  
  65  5:01  Supply Depot  
  65  5:04  Marine x2, SCV  
  68  5:11  SCV  
  66  5:15  Liberator  
  66  5:16  SCV  
  66  5:17  Siege Tank  
  70  5:22  Marine x2  
  70  5:23  Barracks Tech Lab, SCV  
  72  5:29  SCV  
  72  5:30  Refinery  
  72  5:35  SCV  
  75  5:40  Marine x2  
  75  5:41  Supply Depot, SCV  
  78  5:43  Stimpack  
  78  5:49  Supply Depot  
  78  6:03  Marine  
  79  6:04  Supply Depot  
  77  6:11  Command Center  
  77  6:12  Barracks  
  77  6:15  Barracks, Factory Reactor  
  77  6:16  Engineering Bay  
  77  6:18  Marine x2  
  78  6:21  SCV x2, Marauder  
  82  6:27  Supply Depot  
  82  6:33  SCV x2  
  82  6:36  Marine x2  
  86  6:42  Refinery, Marauder  
  86  6:45  SCV x2  
  86  6:46  Terran Infantry Weapons Level 1  
  90  6:50  Missile Turret  
  90  6:56  Barracks  
  90  6:57  SCV x2  
  90  6:58  Marine, Barracks  
  93  7:03  Marauder  
  93  7:05  Marauder  
  93  7:07  Marine  
  98  7:14  SCV  
  97  7:19  Marine  
  97  7:20  SCV  
  99  7:26  SCV  
  99  7:27  Marine  
  101  7:32  Combat Shields  
  101  7:33  Supply Depot, Marauder  
  103  7:39  SCV x2  
  103  7:40  Orbital Command  
  105  7:45  Marine x2  
  105  7:46  Barracks Tech Lab, Barracks Reactor  
  105  7:48  Factory Reactor  
  105  7:49  Medivac x2  
  111  7:54  Concussive Shells  
  111  7:57  SCV x2  
  113  8:02  Marauder x2  
  113  8:03  Marine x2, Liberator x2  
  113  8:04  Orbital Command  
  119  8:07  Supply Depot  
  119  8:09  SCV x2  
  123  8:13  Marauder  
  123  8:21  Marine x2  
  123  8:23  Marauder  
  133  8:29  SCV x2  
  133  8:30  SCV  
  133  8:33  Supply Depot  
  136  8:34  Supply Depot  
  136  8:41  SCV  
  135  8:47  Marine x2, Marauder x2  
  141  8:54  Widow Mine x2, Starport  
  145  8:58  Supply Depot x2  
  145  8:59  SCV  
  145  9:00  SCV  
  145  9:01  Marine  
  145  9:02  Marauder  
  150  9:06  Marine x2  
  150  9:07  Marine  
  150  9:08  Marauder  
  146  9:22  SCV x2  
  146  9:23  SCV  
Show
View Real Time Build Order
Export as new Build Order

Darkness Protoss 

Build Orders: 1 Gate Expand 

Get SALT Encoding   

  12  0:00  Probe (Chrono Boost)  
  13  0:11  Probe (Chrono Boost)  
  14  0:17  Pylon  
  14  0:22  Probe (Chrono Boost)  
  15  0:36  Probe (Chrono Boost), Gateway  
  16  0:46  Assimilator, Probe (Chrono Boost)  
  18  0:57  Probe (Chrono Boost)  
  18  1:07  Probe (Chrono Boost)  
  19  1:22  Nexus  
  19  1:26  Probe (Chrono Boost)  
  20  1:38  Cybernetics Core  
  20  1:41  Probe (Chrono Boost)  
  21  1:49  Assimilator  
  21  1:52  Probe (Chrono Boost)  
  21  1:57  Pylon  
  21  2:02  Probe (Chrono Boost)  
  22  2:11  Warp Gate (Chrono Boost)  
  24  2:16  Mothership Core (Chrono Boost)  
  24  2:17  Adept  
  26  2:34  Probe (Chrono Boost)  
  26  2:35  Probe (Chrono Boost)  
  28  2:39  Robotics Facility  
  28  2:45  Probe  
  28  2:47  Probe  
  30  2:57  Probe x2  
  32  3:09  Probe  
  32  3:10  Adept  
  36  3:18  Gateway  
  36  3:19  Probe  
  35  3:20  Gateway  
  37  3:27  Probe  
  37  3:30  Observer (Chrono Boost)  
  38  3:35  Pylon  
  38  3:36  Probe  
  38  3:39  Probe  
  38  3:40  Stalker (Chrono Boost)  
  42  3:51  Pylon  
  42  3:54  Warp Prism (Chrono Boost)  
  44  4:00  Probe  
  44  4:01  Probe  
  48  4:18  Stalker  
  48  4:19  Stalker x2  
  48  4:24  Twilight Council, Probe x2  
  54  4:36  Probe  
  55  4:45  Stalker x3  
  59  4:49  Pylon x2  
  59  4:51  Assimilator  
  61  5:02  Blink (Chrono Boost)  
  61  5:03  Probe  
  62  5:07  Probe, Pylon  
  62  5:13  Observer (Chrono Boost)  
  62  5:15  Probe  
  62  5:16  Stalker  
  62  5:17  Stalker  
  62  5:19  Probe  
  67  5:27  Probe  
  67  5:36  Probe  
  67  5:39  Probe  
  69  5:48  Probe  
  70  5:51  Adept x2  
  70  5:52  Assimilator  
  70  5:53  Adept  
  76  6:04  Pylon  
  76  6:05  Pylon  
  76  6:25  Nexus  
  76  6:29  Pylon  
  76  6:30  Stalker x3  
  76  6:32  Probe x2  
  84  6:40  Robotics Bay  
  84  6:47  Probe, Observer  
  84  6:48  Pylon  
  84  6:52  Pylon  
  84  6:53  Assimilator  
  86  6:59  Probe  
  86  7:00  Probe, Resonating Glaives (Chrono Boost)  
  88  7:06  Observer  
  89  7:17  Adept x3  
  89  7:21  Gateway  
  89  7:22  Probe x2  
  97  7:24  Gateway, Pylon  
  97  7:25  Colossus  
  103  7:41  Probe  
  103  7:42  Probe x2  
  104  7:56  Forge  
  104  7:57  Probe x2  
  106  7:58  Forge  
  106  8:07  Adept  
  106  8:08  Adept x2  
  106  8:11  Extended Thermal Lance (Chrono Boost)  
  112  8:15  Colossus  
  112  8:16  Pylon  
  112  8:19  Pylon  
  112  8:20  Adept  
  112  8:26  Probe x2  
  122  8:30  Assimilator  
  122  8:32  Assimilator  
  122  8:34  Probe  
  122  8:38  Probe  
  121  8:42  Probe  
  121  8:47  Stalker  
  121  8:48  Stalker x2  
  127  8:55  Probe  
  125  9:08  Adept x2  
  97  9:20  Adept x3  
Tags
 
Add a new tag
Caveats
  • Supply blocks, unpowered buildings, or Contaminate may cause inaccurate times.
  • Supply counts are checked every 10 seconds.